 Dungeon Crawl Stone Soup version 0.30-a0-1018-g25214051b3 (webtiles) character file.

Game seed: 9062927672809777890

5 NinjaNoafa the Caller (level 1, -1/7 HPs)
             Began as a Felid Summoner on Apr 7, 2023.
             Slain by a jackal (3 damage)
             ... on level 1 of the Dungeon.
             The game lasted 00:01:37 (204 turns).

NinjaNoafa the Caller (Felid Summoner)               Turns: 204, Time: 00:01:38

Health: -1/7       AC:  1    Str:  4    XL:     1   Next: 66%
Magic:  2/4        EV: 17    Int: 16    God:
Gold:   5          SH:  0    Dex: 16    Spells: 3/4 levels left
                                        Lives:  0   Deaths: 0

rFire   . . .      SeeInvis +    (weapon unavailable)
rCold   . . .      Faith    .    (shield unavailable)
rNeg    . . .      Spirit   .    (body armour unavailable)
rPois   .          Reflect  .    (helmet unavailable)
rElec   .          Rampage  .    (cloak unavailable)
rCorr   .                        (gloves unavailable)
Will    .....                    (boots unavailable)
Stlth   ++                       (no amulet)
HPRegen 0.21/turn                (no ring)
MPRegen 0.09/turn                (no ring)

@: quick
A: very small, claws 1, fangs 3, see invisible, speed 1, shaggy fur 1, stealthy
paws, no weapons or thrown items, no armour, multi-lived
a: no special abilities


You were on level 1 of the Dungeon.
You visited 1 branch of the dungeon, and saw 1 of its levels.

You collected 5 gold pieces.

Inventory:

Scrolls
 b - a scroll of acquirement {unknown}
Potions
 a - a potion of magic
 c - a potion of might {unknown}
 d - a potion of mutation {unknown}


   Skills:
 - Level 2.6 Dodging
 - Level 2.6 Stealth
 + Level 2.2 Spellcasting
 + Level 4.1 Summonings


You had 3 spell levels left.
You knew the following spells:

 Your Spells              Type           Power      Damage    Failure   Level
a - Summon Small Mammal   Summ           60%        N/A       3%          1

Your spell library contained the following spells:

 Spells                   Type           Power      Damage    Failure   Level
 Call Imp                 Summ           30%        N/A       5%          2
 Call Canine Familiar     Summ           15%        N/A       11%         3
 Summon Guardian Golem    Hex/Summ       8%         N/A       26%         3
 Summon Lightning Spire   Summ/Air       8%         N/A       65%         4


Dungeon Overview and Level Annotations

Branches:
Dungeon (1/15)

Altars:


Innate Abilities, Weirdness & Mutations

You have sharp claws.
You have razor-sharp teeth.
You have supernaturally acute eyesight. (SInv)
You cover ground quickly. (Speed+)
You are covered in fur. (AC +1)
Your paws help you pounce on unaware monsters.
You are incapable of wielding weapons or throwing items.
You cannot wear armour.
You gain extra lives every three experience levels.


Message History

Confirm with . or Enter, or press ? or * to list all spells.
The jackal barks!
You hear a bark! x2
A jackal comes into view.
A jackal comes into view.
Your quokka disappears in a puff of smoke!
The jackal completely misses your bat.
Your bat closely misses the jackal.
The jackal closely misses your bat.
A jackal comes into view.
Your bat closely misses the jackal.
The jackal closely misses your bat.
Your bat closely misses the jackal.
Casting: Summon Small Mammal (safe; 3% risk of failure)
Confirm with . or Enter, or press ? or * to list all spells.
Your bat hits the jackal but does no damage. x2
The jackal attacks as you move away! The jackal misses you.
The jackal barely misses your quokka.
Your quokka closely misses the jackal.
The jackal bites your quokka. The jackal misses your quokka.
Your quokka closely misses the jackal.
Your bat misses the jackal.
Your bat barely misses the jackal.
The jackal misses your quokka. The jackal bites your quokka.
The jackal misses your bat.
Your quokka misses the jackal.
Casting: Summon Small Mammal (safe; 3% risk of failure)
Confirm with . or Enter, or press ? or * to list all spells.
Your bat disappears in a puff of smoke!
The jackal misses your quokka. x2
Your quokka bites the jackal but does no damage.
The jackal closely misses your quokka. The jackal misses your quokka.
Your quokka barely misses the jackal.
The jackal closely misses your quokka.
Something completely misses your quokka.
Something closely misses your quokka. The jackal misses your quokka.
Your quokka barely misses the jackal.
Your quokka closely misses the jackal.
Something bites your quokka but does no damage.
The jackal bites you.
Your quokka barely misses the jackal.
You closely miss the jackal. The jackal barely misses your quokka.
The jackal bites you.
* * * LOW HITPOINT WARNING * * *
Your quokka closely misses the jackal.
Your quokka barely misses the jackal.
The jackal closely misses your quokka. The jackal misses your quokka.
Unknown command.
The jackal attacks as you move away! The jackal bites you.
You die...

#.# #.# ### #.# ...
#.###.# ......### .
##.#...... ...
#h.....#
.....#####h.#..###
.......@hrh........
.....#####r##..####
... #.##..# .
#.##..# #.##..#
###.#...##
#...#P..♣
#........###
###...#P.PP.
#####..#.>.######
...#.#.P...P
##...........


You could see 3 jackals and 2 friendly quokkas.

Vanquished Creatures (collateral kills)
  A bat (D:1)
  A goblin (D:1)
  A quokka (D:1)
  2 rats (D:1)
5 creatures vanquished.

Notes
Turn   | Place    | Note
-------+----------+-------------------------------------------
     0 | D:1      | NinjaNoafa the Felid Summoner began the quest for the Orb.
     0 | D:1      | Reached XP level 1. HP: 7/7 MP: 4/4
   204 | D:1      | Slain by a jackal

Illustrated notes

Levels and vault maps discovered:
D:1:      minmay_arrival_arboretum_small, layout_loops_ring,
          grunt_decor_one_mirror, minmay_misc_feat_alley, minmay_tromino_mix6

Action                     || total
---------------------------++-------
  Melee: Unarmed           ||     2
   Cast: Summon Small Mamm ||    11
 Armour: Skin              ||     1
  Dodge: Dodged            ||     3

Table legend: (Time is in decaauts)
 A = Elapsed time spent in this place.
 B = Non-inter-level travel time spent in this place.
 C = Inter-level travel time spent in this place.
 D = Time resting spent in this place.
 E = Time spent auto-exploring this place.
 F = Levels seen in this place.
 G = Mean time per level.
                   A        B        C        D        E       F      G
               +--------+--------+--------+--------+--------+-----+--------+
         Total |    174 |    174 |      0 |      0 |     95 |   1 |  174.0 |
       Dungeon |    174 |    174 |      0 |      0 |     95 |   1 |  174.0 |
               +--------+--------+--------+--------+--------+-----+--------+

Top non-repeatable levels by time:
     D:1: 174 daAuts
